 Dungeon Crawl Stone Soup version 0.21-a0-85-ga0cb861 (webtiles) character file.

338 grindst0ne the Shield-Bearer (level 6, -9/48 HPs)
             Began as a Formicid Fighter on June 25, 2017.
             Mangled by an ogre
             ... wielding a +0 giant club
              (19 damage)
             ... on level 3 of the Dungeon.
             The game lasted 00:04:36 (2484 turns).

grindst0ne the Shield-Bearer (Formicid Fighter)     Turns: 2484, Time: 00:04:37

Health: -9/48      AC: 10    Str: 20    XL:     6   Next: 86%
Magic:  6/6        EV:  6    Int:  8    God:
Gold:   105        SH: 10    Dex: 12    Spells: 5/5 levels left

rFire    . . .     SeeInvis +   d - +2 scythe (freeze)
rCold    . . .     Gourm    .   c - +0 shield
rNeg     . . .     Faith    .   h - +0 chain mail
rPois    .         Spirit   .   (helmet unavailable)
rElec    .         Reflect  .   (no cloak)
rCorr    .         Harm     .   k - +0 pair of gloves
MR       .....                  (no boots)
Stlth    ..........             (no amulet)
HPRegen  0.16/turn              (no ring)
MPRegen  0.10/turn              (no ring)

@: no status effects
A: permanent stasis, dig shafts and tunnels, four strong arms, antennae 3
a: Dig, Shaft Self


You were on level 3 of the Dungeon.
You were hungry.

You visited 1 branch of the dungeon, and saw 3 of its levels.

You collected 105 gold pieces.

Inventory:

Hand Weapons
 a - a +0 long sword
 d - a +2 scythe of freezing (weapon)
Armour
 b - a +0 scale mail
 c - a +0 shield (worn)
 h - a +0 chain mail (worn)
 k - a +0 pair of gloves (worn)
Scrolls
 i - 7 scrolls of identify {unknown}
 n - a scroll of remove curse {unknown}
 o - a scroll of teleportation {unknown}
 p - a scroll of immolation {unknown}
Potions
 e - a potion of curing
 g - a potion of heal wounds {unknown}
 j - a potion of haste {unknown}
 l - a potion of mutation {unknown}
 m - 4 potions of resistance {unknown}
 r - 2 potions of flight {unknown}
Comestibles
 f - 2 bread rations
 q - a chunk of flesh


   Skills:
 + Level 4.2 Fighting
 + Level 3.6 Long Blades
 + Level 4.6 Armour
 * Level 6.1 Shields


You had 5 spell levels left.
You didn't know any spells.

Dungeon Overview and Level Annotations

Branches:
Dungeon (3/15)

Altars:
Ashenzari


Innate Abilities, Weirdness & Mutations

You cannot be hasted, slowed, berserked, paralysed or teleported.
You can dig through walls and to a lower floor.
Your four strong arms can wield two-handed weapons with a shield.
You have a pair of large antennae on your head. (SInv)


Message History

The leopard gecko is severely wounded.
The leopard gecko bites you but does no damage. x2
You hit the leopard gecko. You freeze the leopard gecko.
You kill the leopard gecko!
The ogre hits you but does no damage.
You hit the ogre. You freeze the ogre.
The ogre is lightly wounded.
You block the ogre's attack. The ogre hits you with a giant club!
It was a potion of curing.
You feel better.
You hit the ogre. You freeze the ogre.
The ogre is heavily wounded.
The ogre hits you with a giant club!! The ogre barely misses you.
You slash the ogre! You freeze the ogre.
The ogre is almost dead.
The ogre hits you with a giant club!
* * * LOW HITPOINT WARNING * * *
You barely miss the ogre.
The ogre is almost dead.
The ogre hits you with a giant club!!
You die...

### ##@# #.## ##O##
$....####r## #..).....##
#..####.##########
..####.###......#
#r#........####.########
###.##.#.##.##..#...........#
.......r.##.##....##.######.#


You could see an ogre and a rat.

Vanquished Creatures
  Sigmund (D:3)
  An orc wizard (D:3)
  A jelly (D:2)
  Robin (D:2)
  3 adders (D:2)
  An ooze (D:1)
  2 worms (D:2)
  A dart slug (D:1)
  3 leopard geckos
  3 orcs (D:3)
  A ball python (D:2)
  3 giant cockroaches
  10 goblins
  8 hobgoblins
  4 jackals
  5 kobolds
  5 bats
  5 frilled lizards
  9 rats
67 creatures vanquished.

Notes
Turn   | Place    | Note
-------+----------+-------------------------------------------
     0 | D:1      | grindst0ne the Formicid Fighter began the quest for the Orb.
     0 | D:1      | Reached XP level 1. HP: 18/18 MP: 1/1
    32 | D:1      | Reached XP level 2. HP: 24/24 MP: 2/2
   371 | D:1      | Reached XP level 3. HP: 27/29 MP: 3/3
   609 | D:1      | Reached skill level 4 in Shields
   922 | D:2      | Reached XP level 4. HP: 22/36 MP: 4/4
  1254 | D:2      | Found a shattered altar of Ashenzari.
  1362 | D:2      | Noticed Robin
  1388 | D:2      | Killed Robin
  1397 | D:2      | Reached XP level 5. HP: 27/42 MP: 5/5
  1564 | D:2      | Reached skill level 5 in Shields
  2167 | D:3      | Noticed Sigmund
  2183 | D:3      | Killed Sigmund
  2183 | D:3      | Reached skill level 6 in Shields
  2183 | D:3      | Reached XP level 6. HP: 36/48 MP: 6/6
  2452 | D:3      | Noticed an ogre
  2484 | D:3      | Mangled by an ogre

Vault maps used:
D:1:      saegor_arrival_simple_b
D:2:      evilmike_ruin_ashenzari, kennysheep_generic_room_7, uniq_robin
D:3:      grunt_temple_overflow_growth_and_decay, first_bread, minivault_19,
          uniq_terence, uniq_natasha, uniq_sigmund

Skill      XL: |  1  2  3  4  5 |
---------------+----------------+-----
Shields        | 4 6 |  6.1
Armour         | 4 |  4.6
Long Blades    | 3 |  3.6
Fighting       | 4 |  4.2

Action                   |  1- 3 |  4- 6 || total
-------------------------+-------+-------++-------
Melee: Long sword        |   102 |   137 ||   239
       Scythe            |       |    32 ||    32
 Abil: Dig               |     2 |     7 ||     9
  Use: Potion            |       |     2 ||     2
  Eat: Chunk             |       |     6 ||     6
Armor: Scale mail        |    12 |       ||    12
       Chain mail        |    42 |    94 ||   136
Dodge: Dodged            |    17 |    48 ||    65
Block: Shield            |    68 |   121 ||   189
       Rpst.: Long sword |     9 |    10 ||    19
